 Dungeon Crawl Stone Soup version 0.30-a0-583-g19bae12e61 (webtiles) character file.

Game seed: 16105267620173554694

153 Citaku the Sneak (level 5, -8/41 HPs)
             Began as a Demonspawn Delver on Jan 1, 2023.
             Was an Initiate of Hepliaklqana.
             Mangled by a nameless horror (10 damage)
             ... created by miscasting Summon Guardian Golem
             ... on level 5 of the Dungeon.
             The game lasted 00:13:37 (1345 turns).

Citaku the Sneak (Demonspawn Delver)                Turns: 1345, Time: 00:13:37

Health: -8/41      AC:  5    Str: 15    XL:     5   Next: 12%
Magic:  0/5        EV: 12    Int: 11    God:    Hepliaklqana [......]
Gold:   23         SH:  0    Dex: 14    Spells: 1/4 levels left

rFire   . . .      SeeInvis .    a - +0 falchion
rCold   . . .      Faith    .    (no shield)
rNeg    . . .      Spirit   .    b - +0 leather armour
rPois   .          Reflect  .    (no helmet)
rElec   .          Harm     .    (no cloak)
rCorr   .          Rampage  .    (no gloves)
Will    .....                    (no boots)
Stlth   +++                      (no amulet)
HPRegen 0.26/turn                (no ring)
MPRegen 0.09/turn                (no ring)

@: very slightly contaminated
A: hooves 2, thin metallic scales 1
a: Renounce Religion


You were on level 5 of the Dungeon.
You worshipped Hepliaklqana.
Hepliaklqana was noncommittal.
You visited 1 branch of the dungeon, and saw 1 of its levels.

You collected 23 gold pieces.

Inventory:

Hand Weapons
 a - a +0 falchion (weapon)
 h - a +0 giant spiked club
Armour
 b - a +0 leather armour (worn)
Wands
 g - a wand of digging (2)
Scrolls
 c - a scroll of fog
 e - a scroll of fear
Potions
 d - a potion of might {unknown}
 f - a potion of haste


   Skills:
 + Level 3.6 Fighting
 + Level 2.3 Long Blades
 + Level 1.0 Armour
 + Level 2.0 Dodging
 + Level 5.9 Stealth


You had one spell level left.
You knew the following spells:

 Your Spells              Type           Power      Damage    Failure   Level
a - Summon Guardian Gole  Hex/Summ       0%         N/A       78%         3

Your spell library contained the following spells:

 Spells                   Type           Power      Damage    Failure   Level
 Orb of Destruction       Conj           0%         9d5       100%        7
 Spellforged Servitor     Conj/Summ      0%         N/A       100%        7


Dungeon Overview and Level Annotations

Branches:
Dungeon (5/15)
 Temple: D:4-7

Altars:
Hepliaklqana
Makhleb
Okawaru
Vehumet
Yredelemnul


Innate Abilities, Weirdness & Mutations

You have hoof-like feet.
You are partially covered in thin metallic scales. (AC +2)


Message History

Press: ? - help, Dir - move target, f - you
Okay, then.
Casting: Summon Guardian Golem (extremely dangerous; 78% risk of failure)
Confirm with . or Enter, or press ? or * to list all spells.
Okay, then.
Unknown command.
An ogre comes into view. It is wielding a +0 giant spiked club.
Okay, then.
Casting: Summon Guardian Golem (extremely dangerous; 78% risk of failure)
Confirm with . or Enter, or press ? or * to list all spells.
The spell is extremely dangerous to miscast (78% risk of failure)!
Continue anyway?
You miscast Summon Guardian Golem.
You are very lightly contaminated with residual magic.
A chorus of moans calls out in your mind.
A nameless horror comes into view.
You barely miss the nameless horror. The nameless horror barely misses you.
You slash the nameless horror! You kick the nameless horror.
You punch the nameless horror.
The nameless horror is moderately damaged.
The nameless horror hits you but does no damage.
You hit the nameless horror but do no damage.
You kick the nameless horror, but do no damage.
The nameless horror is moderately damaged.
The nameless horror hits you!
You feel your power leaking away.
You hit the nameless horror.
The nameless horror is heavily damaged.
The nameless horror closely misses you. The ogre barely misses you.
You hit the nameless horror but do no damage.
The nameless horror is heavily damaged.
The nameless horror hits you.
You barely miss the nameless horror.
You kick the nameless horror, but do no damage.
The nameless horror is heavily damaged.
The nameless horror hits you!
The ogre hits you with a +0 giant spiked club!!
Ouch! That really hurt!
* * * LOW HITPOINT WARNING * * *
The nameless horror hits you!
You die...

,**,*,,*,,,,*,********
*,* ,**,,,,,*******
*,* ,,,,,,,** *,*
***,,****** *#########
*,* * *,,***,,*
*,.......# *,* *
*,,,,,,,*
**.......##****,* *
**,****,*
*#........,,,,,*
*,,,,,,*
#......#*******
******** #@O....#
#X###### #.#
#.############
#.##.........#
#.##.#######.# #####
#.##.# #.# ######...#
#.##.# #####.###
#........# ##.##.#
#.......#


You could see a nameless horror and an ogre.

Vanquished Creatures
  An ogre (D:5)
  A jelly (D:5)
  An iguana (D:5)
  An adder (D:5)
  An ufetubus (D:5)
  An orc (D:5)
6 creatures vanquished.

Notes
Turn   | Place    | Note
-------+----------+-------------------------------------------
     0 | D:5      | Citaku the Demonspawn Delver began the quest for the Orb.
     0 | D:5      | Reached XP level 1. HP: 18/18 MP: 1/1
    55 | D:5      | Gained mutation: You have large cloven feet. [demonic
                  | ancestry]
    55 | D:5      | Reached XP level 2. HP: 7/24 MP: 2/2
   286 | D:5      | Noticed an ogre
   292 | D:5      | Killed an ogre
   293 | D:5      | Reached skill level 5 in Stealth
   293 | D:5      | Gained mutation: You have hoof-like feet. [demonic
                  | ancestry]
   293 | D:5      | Reached XP level 3. HP: 12/29 MP: 3/3
   293 | D:5      | Gained mutation: You are partially covered in thin metallic
                  | scales. (AC +2) [demonic ancestry]
   293 | D:5      | Reached XP level 4. HP: 14/35 MP: 4/4
   833 | D:5      | Found a basalt altar of Yredelemnul.
   839 | D:5      | Found a burning altar of Makhleb.
   839 | D:5      | Found a radiant altar of Vehumet.
   840 | D:5      | Found an iron altar of Okawaru.
   851 | D:5      | Found a hazy altar of Hepliaklqana.
   909 | D:5      | Became a worshipper of Hepliaklqana the Forgotten
  1079 | D:5      | Reached skill level 1 in Armour
  1079 | D:5      | Reached XP level 5. HP: 20/41 MP: 5/5
  1304 | D:5      | Learned a level 3 spell: Summon Guardian Golem
  1337 | D:5      | Noticed an ogre
  1339 | D:5      | Noticed a nameless horror
  1345 | D:5      | HP: 2/41 [ogre/+0 giant spiked club (22)]
  1345 | D:5      | Mangled by a nameless horror

Illustrated notes

Levels and vault maps discovered:
D:5:      layout_loops_corners, minitemple, gammafunk_ghost_split,
          uniq_crazy_yiuf_cottage

Skill      XL: |  1  2  3  4 |
---------------+-------------+-----
Long Blades    | 2 |  2.3
Stealth        | 5 |  5.9
Dodging        | 2 |  2.0
Armour         | 1 |  1.0
Fighting       | |  3.6

Action                   |  1- 3 |  4- 6 || total
-------------------------+-------+-------++-------
Melee: Falchion          |    10 |    23 ||    33
       Kick              |     3 |    10 ||    13
       Punch             |       |     1 ||     1
Evoke: Wand              |       |     1 ||     1
  Use: Scroll            |     1 |       ||     1
 Stab: Sleeping          |       |     1 ||     1
Armor: Leather armour    |       |     3 ||     3
Dodge: Dodged            |     5 |    10 ||    15

Table legend: (Time is in decaauts)
 A = Elapsed time spent in this place.
 B = Non-inter-level travel time spent in this place.
 C = Inter-level travel time spent in this place.
 D = Time resting spent in this place.
 E = Time spent auto-exploring this place.
 F = Levels seen in this place.
 G = Mean time per level.
                   A        B        C        D        E       F      G
               +--------+--------+--------+--------+--------+-----+--------+
         Total |   1351 |   1351 |      0 |    758 |      0 |   1 | 1351.0 |
       Dungeon |   1351 |   1351 |      0 |    758 |      0 |   1 | 1351.0 |
               +--------+--------+--------+--------+--------+-----+--------+

Top non-repeatable levels by time:
     D:5: 1351 daAuts
